 Dungeon Crawl Stone Soup version 0.32-a0-673-g3729bd50f8 (webtiles) character file.

Game seed: 5475593128548882486

7211 cforsyth the Merchant of Misery (level 10, -2/142 HPs)
             Began as a Mountain Dwarf Necromancer on Mar 11, 2024.
             Was a Believer of Kikubaaqudgha.
             Slain by a vampire mosquito (8 damage)
             ... on level 11 of the Dungeon.
             The game lasted 00:29:34 (16210 turns).

cforsyth the Merchant of Misery (MDNe)             Turns: 16210, Time: 00:29:34

Health: -2/142     AC: 25    Str: 13    XL:     10   Next: 87%
Magic:  12/12      EV:  2    Int: 27    God:    Kikubaaqudgha [**....]
Gold:   733        SH:  0    Dex:  9    Spells: 7/12 levels left

rFire   . . .        j - +0 hand axe
rCold   . . .        (no shield)
rNeg    . . .        r - melded +3 leather armour of the Will of the Gods {rPois Str+3}
rPois   +            a - melded +0 helmet
rElec   .            l - melded +1 cloak
rCorr   .            f - melded +0 pair of gloves
SInv    .            c - melded +0 pair of boots
Will    +....        h - amulet of regeneration
Stlth   +            I - +6 ring of intelligence
HPRegen 1.23/turn    P - ring of poison resistance
MPRegen 0.13/turn

%: no passive effects
@: tree-form
A: stationary, stasis, torment immunity, boosted hp, runic magic, artefact
enchanting, clever 1
a: Renounce Religion, Unearth Wretches


You were on level 11 of the Dungeon.
You worshipped Kikubaaqudgha.
Kikubaaqudgha was pleased with you.
You were a tree.
You visited 2 branches of the dungeon, and saw 12 of its levels.

You collected 773 gold pieces.
You spent 40 gold pieces at shops.


Innate Abilities, Weirdness & Mutations

You are a tree.
Your roots penetrate the ground, keeping you stationary.
You cannot be teleported.
You are immune to unholy pain and torment.
Your maximum health is greatly increased.
Your equipment is partially melded.
Your spellcasting is much less encumbered by armour.
You can use scrolls of enchantment on lesser artefacts.
Your mind is acute. (Int +4, Str/Dex -1)


   Skills:
 + Level 11.1 Fighting
 + Level 7.0 Axes
 + Level 6.4 Armour
 - Level 1.3 Dodging
 - Level 1.4 Stealth
 - Level 1.7 Spellcasting
 + Level 12.0 Necromancy


You had 7 spell levels left.
You knew the following spells:

 Your Spells              Type           Power      Damage    Failure   Level
a - Animate Dead          Necr           61%        N/A       1%          4
X - Necrotise             Necr           100%       1d9       1%          1

Your spell library contained the following spells:

 Spells                   Type           Power      Damage    Failure   Level
 Kiss of Death            Conj/Necr      100%       2d13      1%          1
 Fugue of the Fallen      Necr           61%        N/A       1%          3
 Vampiric Draining        Necr           61%        2d10      1%          3
 Curse of Agony           Necr           61%        N/A       1%          5
 Malign Gateway           Summ/Tloc      1%         N/A       100%        7
 Summon Horrible Things   Summ           1%         N/A       100%        8

Inventory:

Hand Weapons
 j - a +0 hand axe (weapon)
 p - a +1 war axe
 t - a +1 dagger of venom
 B - a +0 whip of venom
Armour
 a - a +0 helmet (melded)
 c - a +0 pair of boots (melded)
 f - a +0 pair of gloves (melded)
 l - a +1 cloak (melded)
 r - the +3 leather armour of the Will of the Gods (melded) {rPois Str+3}
   (You found it on level 4 of the Dungeon)

   Str+3:     It affects your strength (+3).
   rPois:     It protects you from poison.
Jewellery
 h - an amulet of regeneration (around neck)
 s - an amulet of reflection
 I - a +6 ring of intelligence (left branch)
 P - a ring of poison resistance (right branch)
 Z - a ring of wizardry
Wands
 n - a wand of flame (15)
Scrolls
 e - a scroll of vulnerability
 g - a scroll of poison
 k - 3 scrolls of enchant armour
 m - 10 scrolls of identify {@r1}
 o - 3 scrolls of revelation
 q - a scroll of amnesia
 u - a scroll of fog
 x - 2 scrolls of silence {!r}
 C - 2 scrolls of immolation
Potions
 b - 3 potions of magic
 i - 3 potions of brilliance
 w - a potion of mutation

Dungeon Overview and Level Annotations

Branches:
Dungeon (11/15)            Temple (1/1) D:4            Lair (0/5) D:10
    Orc (0/2) D:10

Altars:
Ashenzari
Cheibriados
Dithmenos
Elyvilon
Fedhas
Gozag
Hepliaklqana
Kikubaaqudgha
Makhleb
Nemelex Xobeh
Okawaru
Qazlal
Ru
Sif Muna
Trog
Uskayaw
Vehumet
Wu Jian
Xom
Yredelemnul
Zin
The Shining One

Shops:
D:2 :   D:5 *   D:9 (

Annotations:
D:8 Jeremiah

#..########
###########..........
.....................
.....................
#####################
######################..
...............yy.......
..............yy♣.......
.........#############..
########.# #.# #.# ...
... ..... .....


You could see 4 vampire mosquitoes.


Message History

* * * LOW HITPOINT WARNING * * *
The vampire mosquito draws strength from your injuries!
The vampire mosquito bites you but does no damage.
You barely miss the vampire mosquito.
The vampire mosquito is severely damaged.
You hit the vampire mosquito but do no damage.
You hit the vampire mosquito. The vampire mosquito bites you.
* * * LOW HITPOINT WARNING * * *
The vampire mosquito draws strength from your injuries!
The vampire mosquito bites you but does no damage.
The vampire mosquito barely misses you.
The vampire mosquito bites you but does no damage. x2
The vampire mosquito bites you.
* * * LOW HITPOINT WARNING * * *
The vampire mosquito draws strength from your injuries!
You slash the vampire mosquito!
The vampire mosquito is almost destroyed.
You closely miss the vampire mosquito. You hit the vampire mosquito.
The vampire mosquito barely misses you.
The vampire mosquito bites you but does no damage. x3
The vampire mosquito barely misses you. x2
Unknown command.
You closely miss the vampire mosquito.
The vampire mosquito is almost destroyed.
You hit the vampire mosquito but do no damage.
You closely miss the vampire mosquito.
The vampire mosquito bites you but does no damage.
The vampire mosquito bites you!
You die...
Kikubaaqudgha rasps: You have failed me!
Welcome... death!

Skill      XL: |  1  2  3  4  5  6  7  8  9 10 |
---------------+-------------------------------+-----
Fighting       | 1 2 3 4 5 7 9 10 11 | 11.1
Necromancy     | 5 6 7 8 10 11 12 | 12.0
Axes           | 4 7 |  7.0
Armour         | 4 6 |  6.4
Dodging        | |  1.3
Stealth        | |  1.4
Spellcasting   | |  1.7

Action                     |  1- 3 |  4- 6 |  7- 9 | 10-12 || total
---------------------------+-------+-------+-------+-------++-------
  Melee: Unarmed           |     6 |       |       |       ||     6
         Hand axe          |     8 |    27 |   379 |   139 ||   553
   Cast: Necrotise         |    62 |   138 |   236 |   236 ||   672
         Animate Dead      |       |       |     1 |       ||     1
  Evoke: Wand              |       |       |    18 |     9 ||    27
    Use: Scroll            |       |       |    10 |     3 ||    13
         Potion            |       |       |     6 |     2 ||     8
   Stab: Distracted        |     1 |       |     1 |       ||     2
         Paralysed         |       |       |    17 |    13 ||    30
 Armour: Robe              |    17 |    13 |       |       ||    30
         Leather armour    |       |    56 |   540 |   304 ||   900
         Skin              |       |       |       |    56 ||    56
  Dodge: Dodged            |    20 |    53 |   302 |   189 ||   564

Levels and vault maps discovered:
D:1:      saegor_arrival_simple_b, layout_basic
D:2:      layout_loops_ring, serial_shops, shop
D:3:      layout_loops_corners
D:4:      black_bear_nest_2, layout_cave_pools, dancing_weapons_uskayaw,
          minmay_temple_entry_drinking_statues, minivault_19
D:5:      layout_loops_ring, mainiacjoe_overflow_catwalk_spiral,
          nicolae_shop_clearance
D:6:      layout_basic, lemuel_crystal_altar
D:7:      minmay_razor_zed, layout_basic, nemelex_diamond_rough_becter,
          uniq_pikel
D:8:      layout_cave_pools, grunt_qazlal_clouds, grunt_ministairs_11,
          roderic_roman_lattice, minmay_starry_boxes, uniq_jeremiah
D:9:      layout_gridville, pf_just_have_faith, serial_shops, shop
D:10:     layout_gridville, mainiacjoe_overflow_alcove_4, lair_entry_dummy,
          orc_0_dummy, serial_rivers, chequers_serial_rivers_small_b,
          chequers_serial_rivers_marsh, chequers_serial_rivers_small_a,
          chequers_serial_rivers_micro_b
D:11:     layout_long_grid, uniq_nergalle
Temple:   dpeg_chambers_temple

Notes
Turn   | Place    | Note
-------+----------+-------------------------------------------
     0 | D:1      | cforsyth the Mountain Dwarf Necromancer began the quest for
                  | the Orb.
     0 | D:1      | Reached XP level 1. HP: 14/14 MP: 3/3
   270 | D:1      | Reached skill level 1 in Fighting
   324 | D:1      | Reached XP level 2. HP: 23/23 MP: 0/4
  1190 | D:2      | Reached skill level 2 in Fighting
  1190 | D:2      | Reached skill level 5 in Necromancy
  1190 | D:2      | Reached XP level 3. HP: 27/29 MP: 3/5
  1527 | D:2      | Found Meuq's Book Shop.
  1670 | D:2      | Reached XP level 4. HP: 32/37 MP: 0/6
  2338 | D:3      | Reached skill level 3 in Fighting
  3372 | D:4      | Noticed a +0 hand axe
  3373 | D:4      | Noticed a +0 dagger
  3376 | D:4      | Found a hide-covered altar of Uskayaw.
  3384 | D:4      | Reached XP level 5. HP: 39/46 MP: 1/7
  3453 | D:4      | Reached skill level 6 in Necromancy
  3454 | D:4      | Identified the +3 leather armour of the Will of the Gods
                  | {rPois Str+3}
  3679 | D:4      | Reached skill level 4 in Fighting
  3681 | D:4      | HP: 4/46 [poisoned by an orc wizard]
  4302 | D:4      | Reached XP level 6. HP: 53/53 MP: 0/8
  4409 | D:4      | Found a staircase to the Ecumenical Temple.
  4522 | D:4      | Reached skill level 5 in Fighting
  4731 | Temple   | Entered the Ecumenical Temple
  4744 | Temple   | Became a worshipper of Kikubaaqudgha
  4784 | D:5      | Entered Level 5 of the Dungeon
  4852 | D:5      | Reached skill level 7 in Necromancy
  5128 | D:5      | Reached XP level 7. HP: 49/62 MP: 2/9
  5387 | D:5      | Reached skill level 6 in Fighting
  5440 | D:5      | Found Jath's CLEARANCE SALE!.
  5448 | D:5      | Bought a scroll of fear for 12 gold pieces
  5448 | D:5      | Bought a scroll of silence for 28 gold pieces
  5574 | D:5      | Found an iron altar of Okawaru.
  5635 | D:5      | Found a shadowy altar of Dithmenos.
  5721 | D:5      | Reached skill level 8 in Necromancy
  6518 | D:6      | Found a hazy altar of Hepliaklqana.
  6566 | D:6      | Reached skill level 7 in Fighting
  6613 | D:6      | Reached XP level 8. HP: 63/73 MP: 3/10
  6932 | D:6      | Reached skill level 9 in Necromancy
  7385 | D:6      | Reached * piety under Kikubaaqudgha
  7385 | D:6      | Received a gift from Kikubaaqudgha
  7392 | D:6      | Learned a level 4 spell: Animate Dead
  7468 | D:6      | Reached skill level 8 in Fighting
  8064 | D:6      | Reached skill level 10 in Necromancy
  8067 | D:6      | Reached skill level 9 in Fighting
  8067 | D:6      | Reached XP level 9. HP: 19/76 MP: 11/11
  8629 | D:7      | Reached skill level 1 in Axes
  8629 | D:7      | Reached skill level 1 in Armour
  8677 | D:7      | Noticed Pikel
  9183 | D:7      | Reached skill level 2 in Axes
  9212 | D:7      | Reached skill level 2 in Armour
  9399 | D:6      | Gained mutation: Your mind is acute. (Int +4, Str/Dex -1)
                  | [potion of mutation]
  9607 | D:7      | Reached skill level 3 in Axes
  9793 | D:7      | Reached skill level 3 in Armour
 10024 | D:7      | Reached ** piety under Kikubaaqudgha
 10227 | D:7      | Found a sparkling altar of Nemelex Xobeh.
 10437 | D:7      | Killed Pikel
 10438 | D:7      | Reached skill level 10 in Fighting
 10438 | D:7      | Reached skill level 4 in Axes
 10438 | D:7      | Reached skill level 4 in Armour
 10438 | D:7      | Reached skill level 11 in Necromancy
 10884 | D:7      | Reached XP level 10. HP: 84/93 MP: 4/12
 11116 | D:7      | Found a sparkling altar of Nemelex Xobeh.
 11360 | D:7      | Reached skill level 5 in Axes
 11613 | D:8      | Noticed Jeremiah
 11682 | D:8      | Noticed a gargoyle
 11682 | D:8      | Noticed a two-headed ogre
 12223 | D:8      | Found a stormy altar of Qazlal.
 12737 | D:9      | Found a blossoming altar of Fedhas.
 12883 | D:9      | Reached skill level 5 in Armour
 13072 | D:9      | Found Guolaif's Weapon Shoppe.
 13274 | D:9      | Noticed a centaur warrior
 13296 | D:9      | Killed a centaur warrior
 13297 | D:9      | Reached skill level 6 in Axes
 13695 | D:9      | Identified the +1 hand axe "Tois" {flame, rPois rF+ Will-
                  | Str+5}
 13787 | D:10     | Entered Level 10 of the Dungeon
 14549 | D:10     | Noticed a two-headed ogre
 14643 | D:10     | Found a staircase to the Orcish Mines.
 14645 | D:10     | Found a staircase to the Lair.
 14680 | D:10     | Reached skill level 6 in Armour
 14805 | D:10     | Reached skill level 11 in Fighting
 15214 | D:10     | Found a snail-covered altar of Cheibriados.
 15838 | D:11     | Noticed a cyclops
 15858 | D:11     | Killed a cyclops
 15859 | D:11     | Reached skill level 7 in Axes
 15859 | D:11     | Reached skill level 12 in Necromancy
 16114 | D:11     | Noticed a two-headed ogre
 16207 | D:11     | HP: 12/142 [vampire mosquito (9)]
 16208 | D:11     | HP: 4/142 [vampire mosquito (6)]
 16210 | D:11     | Slain by a vampire mosquito

Vanquished Creatures
  A centaur warrior (D:9)
  Pikel (D:7)
  A cyclops (D:11)
  A shadow (D:8)
  2 slime creatures
  A wraith (D:7)
  A basilisk (D:11)
  An acid dragon (D:9)
  4 water moccasins
  2 ice beasts
  3 sky beasts (D:7)
  3 orc warriors
  3 black bears
  3 ogres
  7 centaurs
  4 lemures
  A phantom (D:6)
  2 kobold brigands (D:7)
  4 bullfrogs
  A scorpion (D:5)
  2 gnoll sergeants
  13 wights
  5 howler monkeys
  A bombardier beetle (D:5)
  2 jellies
  3 hounds
  5 orc priests
  3 gnoll boudas
  6 iguanas
  7 orc wizards
  7 adders
  17 gnolls
  A shadow imp (D:7)
  A white imp (D:5)
  2 ufetubi (D:6)
  2 dart slugs
  3 ribbon worms
  30 orcs
  7 endoplasms
  A giant cockroach (D:4)
  6 goblins
  6 hobgoblins
  3 jackals
  12 kobolds
  5 quokkas
  3 ball pythons
  A bat (D:1)
  2 frilled lizards (D:1)
  9 rats
211 creatures vanquished.

Vanquished Creatures (collateral kills)
  An orc priest (D:7)
  A gnoll (D:6)
  An orc (D:7)
  A rat (D:1)
4 creatures vanquished.

Vanquished Creatures (others)
  An orc zombie (D:7)
1 creature vanquished.

Grand Total: 216 creatures vanquished

Table legend: (Time is in decaauts)
 A = Elapsed time spent in this place.
 B = Non-inter-level travel time spent in this place.
 C = Inter-level travel time spent in this place.
 D = Time resting spent in this place.
 E = Time spent auto-exploring this place.
 F = Levels seen in this place.
 G = Mean time per level.
                   A        B        C        D        E       F      G
               +--------+--------+--------+--------+--------+-----+--------+
         Total |  16424 |  15769 |    655 |   2539 |   9709 |  12 | 1368.7 |
       Dungeon |  16398 |  15756 |    642 |   2539 |   9709 |  11 | 1490.7 |
        Temple |     26 |     13 |     13 |      0 |      0 |   1 |   26.0 |
               +--------+--------+--------+--------+--------+-----+--------+

Top non-repeatable levels by time:
     D:7: 3116 daAuts
     D:6: 2587 daAuts
     D:5: 1685 daAuts
     D:9: 1642 daAuts
     D:3: 1505 daAuts
    D:10: 1501 daAuts
     D:4: 1243 daAuts
     D:2: 1197 daAuts
     D:1: 822 daAuts
     D:8: 725 daAuts
    D:11: 371 daAuts
  Temple: 26 daAuts

Table legend:
 A = Non-vault XP
 B = Vault XP
 C = Vault XP percentage of total XP
 D = Non-vault monster count
 E = Vault monster count
 F = Vault count percentage of total count
                 A         B        C        D         E       F
            +---------+---------+-------+---------+---------+-------
      Total |    8626 |    1676 |  16.3 |     193 |      18 |   8.5
            +---------+---------+-------+---------+---------+-------
        D:1 |      27 |       0 |   0.0 |      19 |       0 |   0.0
        D:2 |      80 |       0 |   0.0 |      15 |       0 |   0.0
        D:3 |      77 |       0 |   0.0 |      16 |       0 |   0.0
        D:4 |     235 |     126 |  34.9 |      23 |       1 |   4.2
        D:5 |     689 |       0 |   0.0 |      14 |       0 |   0.0
        D:6 |    1725 |      72 |   4.0 |      33 |       1 |   2.9
        D:7 |    1666 |    1263 |  43.1 |      34 |      11 |  24.4
        D:8 |     515 |     215 |  29.5 |       7 |       5 |  41.7
        D:9 |    1798 |       0 |   0.0 |      13 |       0 |   0.0
       D:10 |    1050 |       0 |   0.0 |      17 |       0 |   0.0
       D:11 |     764 |       0 |   0.0 |       2 |       0 |   0.0
            +---------+---------+-------+---------+---------+-------
